 Dungeon Crawl Stone Soup version 0.28-a0-10-g964c8b829e (webtiles) character file.

Game seed: 14837180215327802719

4 barkas the Caller (level 1, -1/14 HPs)
             Began as a Demonspawn Summoner on July 25, 2021.
             Frozen to death by an endoplasm (4 damage)
             ... on level 1 of the Dungeon.
             The game lasted 00:00:37 (386 turns).

barkas the Caller (Demonspawn Summoner)              Turns: 386, Time: 00:00:39

Health: -1/14      AC:  2    Str:  8    XL:     1   Next: 58%
Magic:  2/3        EV: 12    Int: 16    God:
Gold:   0          SH:  0    Dex: 13    Spells: 3/4 levels left

rFire   . . .      SeeInvis .   b - +0 mace
rCold   . . .      Faith    .   (no shield)
rNeg    . . .      Spirit   .   a - +0 robe
rPois   .          Reflect  .   (no helmet)
rElec   .          Harm     .   (no cloak)
rCorr   .          Rampage  .   (no gloves)
Will    .....                   (no boots)
Stlth   ++........              (no amulet)
HPRegen 0.04/turn               (no ring)
MPRegen 0.08/turn               (no ring)

@: no status effects
A: no striking features
a: no special abilities


You were on level 1 of the Dungeon.
You visited 1 branch of the dungeon, and saw 1 of its levels.

Inventory:

Hand Weapons
 b - a +0 mace (weapon)
Armour
 a - a +0 robe (worn)


   Skills:
 + Level 0.3 Fighting
 - Level 1.7 Dodging
 + Level 1.9 Stealth
 + Level 2.1 Spellcasting
 + Level 4.0 Summonings


You had 3 spell levels left.
You knew the following spells:

 Your Spells              Type           Power      Damage    Failure   Level
a - Summon Small Mammal   Summ           56%        N/A       3%          1

Your spell library contained the following spells:

 Spells                   Type           Power      Damage    Failure   Level
 Call Imp                 Summ           14%        N/A       6%          2
 Call Canine Familiar     Summ           14%        N/A       12%         3
 Summon Guardian Golem    Hex/Summ       8%         N/A       26%         3
 Summon Lightning Spire   Summ/Air       8%         N/A       65%         4


Dungeon Overview and Level Annotations

Branches:
Dungeon (1/15)

Altars:


Message History

Your bat hits the jackal. The jackal closely misses your bat.
Your bat hits the jackal.
Casting: Summon Small Mammal (safe; 4% risk of failure)
Confirm with . or Enter, or press ? or * to list all spells.
Your bat hits the jackal.
The jackal dies!
Your bat misses the jackal.
Your bat closely misses the jackal.
The jackal barely misses your bat.
Your bat hits the jackal but does no damage.
The jackal closely misses your bat.
Your bat hits the jackal but does no damage.
The jackal bites your bat.
Your bat barely misses the jackal.
The jackal barely misses your bat. The endoplasm closely misses you.
You swap places.
Your bat closely misses the jackal.
The jackal barely misses your bat. The jackal completely misses your bat.
Your bat hits the jackal. The endoplasm hits you.
Your bat hits the jackal. The jackal closely misses your bat.
The endoplasm freezes you.
You are frozen.
* * * LOW HITPOINT WARNING * * *
Your bat barely misses the jackal.
The jackal completely misses your bat. The jackal closely misses your bat.
Your bat closely misses the jackal.
The jackal completely misses your bat.
Your bat closely misses the jackal.
The jackal bites your bat.
Your bat dies!
Your bat's corpse disappears in a puff of smoke!
Your rat closely misses the jackal.
The jackal misses your rat.
You see here a +0 dagger.
You see here a quokka corpse.
The jackal closely misses your rat. Something bites your rat.
The jackal barely misses your rat.
Casting: Summon Small Mammal (safe; 3% risk of failure)
Confirm with . or Enter, or press ? or * to list all spells.
Your rat bites the jackal.
The jackal bites your rat but does no damage.
The endoplasm freezes you.
You are frozen.
You die...

#8...<..8# ##..#
########## #...# # #.##.#
#..## .. #.##.## #..# #.#
#.....# #..# #.#
#.....#######..#
####.#####..............#
..............b#######.##
###...#..hr..÷.J@......#
....#....†....##########
###...##)######
†........# ##########


You could see an endoplasm (ally target), a jackal (ally target), a friendly bat
(summoned) and a friendly rat (summoned).

Vanquished Creatures
  A bat (D:1)
  A quokka (D:1)
  A frilled lizard (D:1)
3 creatures vanquished.

Vanquished Creatures (collateral kills)
  A jackal (D:1)
1 creature vanquished.

Grand Total: 4 creatures vanquished

Notes
Turn   | Place    | Note
-------+----------+-------------------------------------------
     0 | D:1      | barkas the Demonspawn Summoner began the quest for the Orb.
     0 | D:1      | Reached XP level 1. HP: 13/13 MP: 3/3
   386 | D:1      | Frozen to death by an endoplasm

Illustrated notes

Levels and vault maps discovered:
D:1:      lightli_arrival_noodles, layout_loops_ring

Action                   || total
-------------------------++-------
Melee: Mace              ||    11
 Cast: Summon Small Mamm ||     5
Armor: Robe              ||     4
Dodge: Dodged            ||    12

Table legend: (Time is in decaauts)
 A = Elapsed time spent in this place.
 B = Non-inter-level travel time spent in this place.
 C = Inter-level travel time spent in this place.
 D = Time resting spent in this place.
 E = Time spent auto-exploring this place.
 F = Levels seen in this place.
 G = Mean time per level.
                   A        B        C        D        E       F      G
               +--------+--------+--------+--------+--------+-----+--------+
         Total |    389 |    389 |      0 |     11 |    310 |   1 |  389.0 |
       Dungeon |    389 |    389 |      0 |     11 |    310 |   1 |  389.0 |
               +--------+--------+--------+--------+--------+-----+--------+

Top non-repeatable levels by time:
     D:1: 389 daAuts
